cohdb
Replays
Latest Replays
All Replays
Popular Replays
Top Player Replays
Match Explorer
How It Works
Community
CoH3 Stats
Reddit
Sign in to upload your games and track your stats! →
Sign in with Steam
Match 41544455
Unlisted
Match 41544455
Overview
Messages
Build Orders
End
Panzergrenadier Squad
Panzergrenadier Squad
250 Light Carrier
Construct Light Support Kompanie
Selects Panzerjäger Kommand Battlegroup
Selects Mine Fields
Selects Tank Busters
Fire Support Elements
Selects Mine Fields
MG34 Team
Flakvierling Half-track
Panzerjäger Mechanized Group
Vehicle Survival Package
Selects Tank Busters
Panzergrenadier Squad
Construct Panzerarmee Kommand
Panzerjäger Mechanized Group
Walking Stuka Rocket Launcher
Selects Tank Busters
Selects Defensive Positions
Selects Butterfly Bomb Drop
Butterfly Bomb Drop
Armored Reserves
Panzerjäger Mechanized Group
Veteran Squad Leaders
Selects Crew Shock Tactics
Selects Anti-tank Overwatch
Panzerpioneer Squad
Tiger Heavy Tank
カルト_くん
Trash magnet
Mordja
Gacyr
0
0
Comments
sign in to comment!
No comments posted yet!